 Dungeon Crawl Stone Soup version 0.24.0-13-gcf9b319 (webtiles) character file.

Game seed: 8728656619000262678, levelgen mode: deterministic

303150 Doobh the Sniper (level 22, -8/140 HPs)
             Began as a Kobold Artificer on Jan 22, 2020.
             Was a High Priest of Trog.
             Killed by mirror damage (59 damage)
             ... on level 3 of the Vaults on Jan 24, 2020.
             The game lasted 07:08:37 (75045 turns).

Doobh the Sniper (Kobold Artificer)                Turns: 75045, Time: 07:08:40

Health: -8/140     AC: 33    Str: 12    XL:     22   Next: 39%
Magic:  9/30       EV: 23    Int: 18    God:    Trog [*****.]
Gold:   905        SH:  3    Dex: 22    Spells: 21/21 levels left

rFire    . . .     SeeInvis .   o - +5 quick blade (elec)
rCold    . . .     Gourm    .   (shield restricted)
rNeg     + . .     Faith    .   J - +7 pearl dragon scales
rPois    .         Spirit   .   Z - +1 hat
rElec    .         Reflect  +   b - +1 cloak {+Inv}
rCorr    .         Harm     .   W - +0 pair of fencer's gloves {Riposte Dex+3}
MR       ++...                  a - +0 pair of boots "Xiemufi" {Int+4} (curse)
Stlth    ++++++....             C - +3 amulet of reflection (curse)
HPRegen  0.33/turn              v - ring of protection from magic
MPRegen  0.22/turn              N - +4 ring of protection

@: no status effects
A: small, yellow scales 1, carnivore, clumsy 1, low mp 1, MP-powered wands
}: 1/15 runes: gossamer
a: Berserk, Trog's Hand, Brothers in Arms, Renounce Religion, Evoke Invisibility


You were on level 3 of the Vaults.
You worshipped Trog.
Trog was extremely pleased with you.
You were completely stuffed.

You visited 9 branches of the dungeon, and saw 38 of its levels.
You visited the Abyss 1 time.
You also visited: Bailey and Ice Cave.

You collected 5925 gold pieces.
You spent 5020 gold pieces at shops.

Inventory:

Hand Weapons
 k - the +4 arbalest "Newtslayer" {venom, Dex+5 Stlth+}
   (You acquired it on level 4 of the Spider Nest)

   It poisons the ammo it fires.
   It affects your dexterity (+5).
   It makes you more stealthy.
 o - a +5 quick blade of electrocution (weapon)
Missiles
 D - 5 datura-tipped darts
 K - 7 curare-tipped darts (quivered)
 O - 658 bolts
 X - an atropa-tipped dart
Armour
 a - the cursed +0 pair of boots "Xiemufi" (worn) {Int+4}
   (You found it on level 12 of the Dungeon)

   It affects your intelligence (+4).
   It has a curse placed upon it.
 b - a +1 cloak of invisibility (worn)
 J - +7 pearl dragon scales (worn)
 W - the +0 pair of fencer's gloves (worn) {Riposte Dex+3}
   (You acquired it on level 2 of the Spider Nest)

   It affects your dexterity (+3).
 Z - a +1 hat (worn)
Jewellery
 g - an uncursed ring of see invisible
 v - a ring of protection from magic (left hand)
 x - an uncursed ring of positive energy
 C - a cursed +3 amulet of reflection (around neck)
 G - an uncursed ring of poison resistance
 N - a +4 ring of protection (right hand)
 P - an uncursed ring of resist corrosion
Wands
 d - a wand of enslavement (10)
 m - a wand of paralysis (16)
 u - a wand of random effects (40)
 E - a wand of flame (35)
 S - a wand of disintegration (7)
 T - a wand of digging (6)
 U - a wand of polymorph (50)
Scrolls
 c - 8 scrolls of identify
 q - 2 scrolls of enchant weapon
 r - 28 scrolls of remove curse
 w - a scroll of holy word
 B - 8 scrolls of teleportation
 L - 7 scrolls of fog
Potions
 j - 2 potions of agility
 l - 7 potions of ambrosia
 n - a potion of might
 s - a potion of heal wounds
 t - 2 potions of haste
 A - a potion of magic
 F - a potion of curing
 M - 3 potions of flight
 Q - 4 potions of brilliance
 V - 6 potions of cancellation
 Y - 2 potions of invisibility
Miscellaneous
 h - a fan of gales
 H - a phial of floods (inert)
 I - a lightning rod (4/4)
 R - a lamp of fire
Comestibles
 f - 50 rations
 i - 8 chunks of flesh


   Skills:
 + Level 15.1 Fighting
 + Level 16.6 Short Blades
 * Level 22.4 Crossbows
 - Level 6.1 Throwing
 - Level 10.0 Armour
 - Level 16.0 Dodging
 - Level 20.0 Stealth
 + Level 16.0 Evocations


You had 21 spell levels left.
You didn't know any spells.
Your spell library was empty.

Dungeon Overview and Level Annotations

Branches:
Dungeon (15/15)            Temple (1/1) D:6            Lair (6/6) D:10
 Shoals (3/4) Lair:4       Spider (4/4) Lair:3        Slime (0/5) Lair:5
    Orc (2/2) D:10            Elf (3/3) Orc:2        Vaults (3/5) D:13
 Depths (1/5) D:15         Bailey (visited)           IceCv (visited)
  Crypt: Vaults:2-3

Altars:
Ashenzari
Cheibriados
Dithmenos
Elyvilon
Fedhas
Gozag
Hepliaklqana
Kikubaaqudgha
Makhleb
Nemelex Xobeh
Okawaru
Qazlal
Ru
Sif Muna
Trog
Uskayaw
Vehumet
Wu Jian
Xom
Yredelemnul
Zin
The Shining One

Shops:
D:7 (   D:11 (   D:14 }   Orc:2 [%}[   Elf:2 [   Vaults:1 ?   Vaults:2 !
Vaults:3 :[

Portals:
Hell: Depths:1
Pandemonium: Depths:1

Annotations:
Lair:2 exclusion: door
Shoals:1 2 transporters
Shoals:2 exclusion: kraken
Elf:3 3 runed translucent doors, exclusion: 3 doors, Balder's ghost, adept HOFi; Silentouch's ghost, adept MiFi


Innate Abilities, Weirdness & Mutations

You are small and have problems with some larger weapons.
You are carnivorous and can eat meat at any time.
You are partially covered in yellow scales. (AC +2)
You are clumsy. (Dex -2)
Your magical capacity is low. (-10% MP)
You expend magic power (3 MP) to strengthen your wands.


Message History

The now-empty wand crumbles to dust.
Press: ? - help, v - describe, . - travel, g - get item
Here: a death knight, wielding a +1 battleaxe and wearing a +0 chain mail (unusually strong, reflecting injuries)
A cursed -1 long sword.
There is something else lying underneath.
An open door.
That item cannot be evoked!
Evoke which item? (* to show all) (? for menu, Esc to quit)
Aiming: Paralyse
Press: ? - help, Shift-Dir - straight line, f - death knight
Aim: a death knight, wielding a +1 battleaxe and wearing a +0 chain mail (unusually strong, reflecting injuries, chance to defeat MR: 38%)
You feel a surge of power!
The death knight suddenly stops moving!
Items here: ( ))))) [[[[ †† The helpless death knight fails to defend itself.
You spit the death knight like a pig!!!!!
You kill the death knight!
Trog accepts your kill.
Your lightning rod (4/4) has regained one charge.
Your damage is reflected back at you!
You die...

#.###.###.#####
#...........#.#
###.#)....###.# #
#.......#.# #####
#....)###.# ....#
#.........# ...... +
###)###.#.#)# ....#+
#.#..÷..#?#.#(####≈...#.
#.###÷#######@#≈≈)....#p
+.......#(..))).(+....#.
###'###########..+)...#.
#..........#####≈...#.
#.......∩..# ....#+
#.......^..# ......
#..........# ....#
#.......<..# #####
#.........!#######


There were no monsters in sight!

Vanquished Creatures
  A lich (Depths:1)
  Asterion (Elf:3)
  Rupert (Lair:4)
  2 deep elf blademasters
  2 deep elf master archers (Elf:3)
  An Executioner (Abyss:2)
  A tentacled starspawn (Abyss:2)
  Frances (D:14)
  3 fire giants (Depths:1)
  7 deep elf sorcerers
  8 vault wardens
  2 frost giants
  5 ghost moths
  3 emperor scorpions
  5 deep elf elementalists
  5 ironheart preservers
  4 entropy weavers
  2 stone giants
  4 deep elf demonologists (Elf:3)
  Azrael (D:15)
  A very ugly thing (D:15)
  Nessos (Orc:2)
  5 deep elf annihilators (Elf:3)
  3 spark wasps
  2 ettins
  4 deep elf death magi
  Josephine (D:15)
  5 ogre magi
  4 yaktaur captains
  2 fire dragons
  Erolcha (D:10)
  A great orb of eyes (D:15)
  3 jiangshi
  2 merfolk impalers
  A deep elf high priest (Elf:3)
  The ghost of Dikli the Blocker, a journeyman MiBe of Trog (Lair:3)
  2 rakshasas
  10 vault guards
  A catoblepas (Lair:4)
  Harold (D:8)
  3 ice dragons
  4 hydras
  2 death knights
  4 merfolk avatars
  19 two-headed ogres
  27 dancing weapons
  An alligator snapping turtle (Shoals:1)
  5 centaur warriors
  8 death yaks
  3 deep troll shamans
  5 deep troll earth magi
  An orc high priest (Orc:1)
  A vampire mage (D:15)
  Urug (Lair:5)
  A tengu warrior (Depths:1)
  16 deep elf knights
  2 wretched stars (Abyss:2)
  A skeletal warrior (D:15)
  2 glowing orange brains
  13 deep trolls
  2 unseen horrors
  2 wizards
  4 sea snakes
  9 deep elf archers
  7 orc knights
  15 harpies
  6 ironbrand convokers
  34 deep elf magi
  A necromancer (Lair:2)
  8 cyclopes
  16 orb spiders
  39 wolf spiders
  9 manticores
  2 oklob plants (Lair:5)
  6 fauns
  23 elephants
  32 ugly things
  2 orc sorcerers
  A moth of wrath (Spider:4)
  An apocalypse crab (Abyss:2)
  8 vault sentinels
  5 merfolk sirens
  2 smoke demons (Abyss:2)
  A black mamba (Lair:6)
  A rust devil (Abyss:2)
  2 ice statues (IceCv)
  5 water nymphs
  Joseph (D:9)
  2 gargoyles
  7 komodo dragons
  A komodo dragon (shapeshifter) (Vaults:1)
  28 spiny frogs
  2 yaktaurs (shapeshifter) (Vaults:2)
  11 demonic crawlers
  3 rime drakes
  26 yaktaurs
  3 freezing wraiths
  32 jumping spiders
  10 ice devils (IceCv)
  A merfolk (shapeshifter) (Elf:3)
  12 merfolk
  3 trolls (shapeshifter)
  A hornet (shapeshifter) (Elf:1)
  A jumping spider (shapeshifter) (Vaults:2)
  A polar bear (Lair:4)
  4 tyrant leeches (Lair:6)
  14 trolls
  7 hornets
  4 dream sheep (Lair:6)
  2 wind drakes
  17 blink frogs
  7 raiju (Abyss:2)
  A meliai zombie (D:13)
  5 slime creatures (D:12)
  2 snapping turtles
  9 hippogriffs
  39 redbacks
  An air elemental (Elf:2)
  4 water elementals
  A shadow (D:12)
  21 tarantellas
  Sigmund (D:2)
  A ynoxinul (Abyss:2)
  2 tarantellas (shapeshifter)
  8 wraiths
  44 yaks
  A vampire (Abyss:2)
  7 wyverns
  A hog (D:12)
  6 fire elementals
  A human (D:12)
  4 golden eyes (Abyss:2)
  4 basilisks
  A neqoxec (Abyss:2)
  9 vampire mosquitoes
  An acid dragon (D:13)
  7 large abominations (Abyss:2)
  12 water moccasins
  11 porcupines
  A floating eye (shapeshifter) (Vaults:2)
  16 hell hounds
  A hornet zombie (D:7)
  4 ice beasts
  3 sky beasts
  32 orc warriors
  A black bear (D:8)
  32 ogres
  2 boggarts (Vaults:1)
  2 phantoms
  A necrophage (D:11)
  2 eyes of draining
  8 centaurs
  10 wolves
  14 crocodiles
  A big kobold (D:11)
  6 earth elementals
  26 bullfrogs
  A wyvern skeleton (D:10)
  3 small abominations (Abyss:2)
  4 scorpions
  5 killer bees
  8 wights
  6 electric eels
  A bullfrog zombie (D:8)
  5 crimson imps
  A quasit (D:10)
  3 starcursed masses (Abyss:2)
  2 centaur zombies
  A gnoll shaman (D:7)
  3 hounds
  7 jellies
  21 orc wizards
  2 bullfrog skeletons
  4 centaur skeletons
  23 orc priests
  5 iguanas
  8 hell rats
  9 worker ants
  A yak simulacrum (Lair:2)
  A killer bee zombie (D:8)
  4 hound skeletons
  A hound zombie (D:8)
  A howler monkey zombie (D:7)
  2 worker ant zombies
  15 gnolls
  10 adders
  9 river rats (Lair:1)
  6 shadow imps
  4 white imps (IceCv)
  8 ufetubi
  An adder skeleton (D:4)
  6 worms
  A dart slug (D:1)
  4 leopard geckos
  99 orcs
  6 ball pythons
  3 bats
  10 giant cockroaches
  3 goblins
  8 hobgoblins
  25 jackals
  9 quokkas
  4 frilled lizards
  20 kobolds
  11 rats
  A river rat simulacrum (Lair:2)
  A fungus (Elf:3)
  5 plants
  A starspawn tentacle (Abyss:2)
1440 creatures vanquished.

Vanquished Creatures (collateral kills)
  A deep elf blademaster (Elf:3)
  Donald (Lair:3)
  A vault warden (Vaults:2)
  2 ironbrand convokers (Vaults:2)
  An orc knight (Vaults:2)
  A yaktaur (Vaults:2)
  A tarantella (Spider:3)
  A redback (Spider:3)
  An orc warrior (Bailey)
  A gnoll (Bailey)
  3 orcs (Bailey)
  2 goblins (Bailey)
  2 hobgoblins (Bailey)
18 creatures vanquished.

Vanquished Creatures (others)
  A reaper (IceCv)
  A boggart (Vaults:1)
  An orc wizard (D:6)
  A gnoll (D:7)
  2 white imps (IceCv)
  6 ufetubi (IceCv)
  14 fungi
  39 plants
  3 starspawn tentacles (Abyss:2)
  4 tentacles (Shoals:2)
72 creatures vanquished.

Grand Total: 1530 creatures vanquished

Notes
Turn   | Place    | Note
-------+----------+-------------------------------------------
     0 | D:1      | Doobh the Kobold Artificer began the quest for the Orb.
     0 | D:1      | Reached XP level 1. HP: 12/12 MP: 3/3
   324 | D:1      | Reached XP level 2. HP: 10/16 MP: 4/4
  1465 | D:1      | Reached XP level 3. HP: 20/20 MP: 5/5
  2540 | D:2      | Reached XP level 4. HP: 22/26 MP: 7/7
  3139 | D:2      | Noticed Sigmund
  3148 | D:2      | Killed Sigmund
  3148 | D:2      | Reached XP level 5. HP: 32/32 MP: 8/8
  3148 | D:2      | Reached XP level 6. HP: 36/36 MP: 9/9
  4142 | D:3      | Noticed a phantom
  4152 | D:3      | Killed a phantom
  4152 | D:3      | Reached XP level 7. HP: 41/41 MP: 10/10
  4164 | D:3      | Reached skill level 5 in Evocations
  4368 | D:3      | Found a glowing golden altar of the Shining One.
  4376 | D:3      | Found a sparkling altar of Nemelex Xobeh.
  4378 | D:3      | Found a shimmering blue altar of Sif Muna.
  4480 | D:4      | Reached skill level 5 in Short Blades
  4490 | D:3      | Reached skill level 1 in Throwing
  5821 | D:4      | Reached XP level 8. HP: 32/48 MP: 11/11
  6715 | D:5      | Entered Level 5 of the Dungeon
  6718 | D:5      | Reached skill level 5 in Stealth
  7541 | D:5      | Reached skill level 5 in Dodging
  8239 | D:5      | Found a shadowy altar of Dithmenos.
  9182 | D:5      | Found a shimmering altar of Xom.
  9280 | D:6      | Found an iron altar of Okawaru.
  9427 | D:6      | Reached XP level 9. HP: 37/52 MP: 13/13
  9639 | D:6      | Found a staircase to the Ecumenical Temple.
 10226 | Temple   | Entered the Ecumenical Temple
 10551 | Temple   | Became a worshipper of Trog the Wrathful
 10593 | D:7      | Found a flagged portal.
 10628 | Bailey   | Entered a bailey
 10809 | Bailey   | Noticed an orc knight
 10849 | Bailey   | Killed an orc knight
 10849 | Bailey   | Reached skill level 5 in Fighting
 10923 | Bailey   | Noticed an orc knight
 10977 | Bailey   | Killed an orc knight
 10987 | Bailey   | Reached * piety under Trog
 11206 | Bailey   | Got a faintly humming ring mail
 11292 | Bailey   | Identified the +1 ring mail "Isautekh" {rPois rF++ Slay-6}
                  | (You found it in a bailey)
 11365 | D:7      | Found Guotwius's Weapon Shoppe.
 11487 | D:7      | You fall into a shaft and drop 1 floor!
 11495 | D:8      | Reached XP level 10. HP: 59/59 MP: 15/15
 11633 | D:8      | Noticed Harold
 11806 | D:8      | Reached skill level 5 in Throwing
 13189 | D:8      | Killed Harold
 13189 | D:8      | Reached ** piety under Trog
 13189 | D:8      | Reached skill level 10 in Short Blades
 13248 | D:7      | Bought the +7 arbalest of Guile {freeze, Int+3} for 676
                  | gold pieces
 13861 | D:9      | Noticed Joseph
 13878 | D:9      | Killed Joseph
 13878 | D:9      | Reached skill level 1 in Crossbows
 13878 | D:9      | Reached skill level 1 in Armour
 14250 | D:9      | Reached XP level 11. HP: 66/66 MP: 16/16
 14643 | D:9      | Reached skill level 2 in Crossbows
 14650 | D:9      | Found a snail-covered altar of Cheibriados.
 14650 | D:9      | Found a white marble altar of Elyvilon.
 14736 | D:10     | Entered Level 10 of the Dungeon
 15033 | D:10     | Found a staircase to the Orcish Mines.
 15168 | D:10     | Reached skill level 3 in Crossbows
 17053 | D:10     | Reached skill level 4 in Crossbows
 17146 | D:10     | Found a staircase to the Lair.
 17184 | D:10     | Reached *** piety under Trog
 17656 | D:10     | Received a gift from Trog
 17660 | D:10     | Reached skill level 5 in Crossbows
 18189 | D:11     | Noticed a manticore
 18189 | D:11     | Noticed a brown ugly thing
 18227 | Orc:1    | Entered Level 1 of the Orcish Mines
 18227 | Orc:1    | Noticed Erolcha
 18271 | Lair:1   | Entered Level 1 of the Lair of Beasts
 18600 | Lair:1   | Reached skill level 6 in Crossbows
 18666 | Lair:1   | Reached skill level 10 in Stealth
 18816 | Lair:1   | Reached XP level 12. HP: 60/73 MP: 18/18
 19667 | Lair:1   | Reached skill level 7 in Crossbows
 20168 | Lair:1   | Noticed a six-headed hydra
 20184 | Lair:1   | Killed a six-headed hydra
 20370 | Lair:1   | You fall into a shaft and drop 1 floor!
 20976 | Lair:1   | Reached skill level 8 in Crossbows
 21210 | Lair:2   | Reached **** piety under Trog
 21939 | Lair:2   | Reached skill level 9 in Crossbows
 22033 | Lair:3   | Found a runed translucent gate.
 22033 | Lair:3   | Found a runed translucent gate.
 22033 | Lair:3   | Found a runed translucent gate.
 22033 | Lair:3   | Noticed Dikli's ghost (journeyman MiBe)
 22035 | Lair:3   | Noticed an 11-headed hydra
 22119 | Lair:3   | Noticed a death yak
 22120 | Lair:3   | Noticed a death yak
 22121 | Lair:3   | Noticed a death yak
 22121 | Lair:3   | Noticed a death yak
 22123 | Lair:3   | Noticed a death yak
 22147 | Lair:2   | Reached skill level 10 in Dodging
 22423 | Lair:3   | Noticed a death yak
 22648 | D:10     | Killed Erolcha
 23206 | Orc:2    | Entered Level 2 of the Orcish Mines
 23208 | Orc:2    | Noticed Nessos
 23669 | Orc:2    | Killed Nessos
 23669 | Orc:2    | Reached skill level 10 in Crossbows
 23692 | Orc:2    | Noticed an ettin
 23712 | Orc:2    | Killed an ettin
 23712 | Orc:2    | Reached XP level 13. HP: 78/78 MP: 19/19
 23753 | Orc:2    | Found a staircase to the Elven Halls.
 23767 | Orc:2    | Found Ugoorghy's Gadget Emporium.
 23942 | Orc:2    | Received a gift from Trog
 23975 | Orc:2    | Noticed an ogre mage
 24523 | Orc:2    | Killed an ogre mage
 24523 | Orc:2    | Reached skill level 11 in Crossbows
 27013 | Orc:1    | Reached skill level 12 in Crossbows
 27940 | Orc:2    | Noticed an ogre mage
 27968 | Orc:1    | Killed an ogre mage
 28120 | Orc:2    | Reached skill level 13 in Crossbows
 28235 | Orc:2    | Found Asucuz's Armour Shoppe.
 28245 | Orc:2    | Found Nuofub's Armour Boutique.
 28272 | Orc:2    | Found Inivoth's Food Emporium.
 28419 | Orc:2    | Received a gift from Trog
 28483 | Orc:2    | Found a bloodstained altar of Trog.
 28505 | Orc:2    | Reached XP level 14. HP: 84/84 MP: 20/20
 28888 | Orc:1    | Received a gift from Trog
 30120 | Lair:3   | Found a hole to the Spider Nest.
 31414 | Lair:2   | Reached skill level 14 in Crossbows
 32347 | Lair:3   | Killed Dikli's ghost
 32832 | Lair:4   | Found a frozen archway.
 32843 | IceCv    | Entered an ice cave
 33007 | IceCv    | Killed a reaper
 34086 | IceCv    | Reached skill level 15 in Crossbows
 34235 | IceCv    | Got an encrusted quarterstaff
 34236 | IceCv    | Identified the +6 quarterstaff of Liyletu {antimagic, rElec
                  | Str+3} (You found it in an ice cave)
 34500 | Lair:4   | Reached skill level 15 in Stealth
 34791 | Lair:4   | Received a gift from Trog
 34834 | Lair:4   | Got a bound silver amulet
 34894 | Lair:4   | Found a staircase to the Shoals.
 34918 | Lair:4   | Reached skill level 16 in Crossbows
 35244 | Lair:4   | Reached XP level 15. HP: 88/88 MP: 21/21
 35266 | Lair:4   | Received a gift from Trog
 35482 | Lair:5   | Found a staircase to the Slime Pits.
 35538 | Lair:5   | Noticed Rupert
 35774 | Orc:2    | Bought a phantom mirror for 510 gold pieces
 35774 | Orc:2    | Bought a lamp of fire for 680 gold pieces
 35774 | Orc:2    | Bought a wand of disintegration (8) for 204 gold pieces
 35774 | Orc:2    | Bought a wand of digging (5) for 306 gold pieces
 35774 | Orc:2    | Bought a wand of polymorph (7) for 153 gold pieces
 35774 | Orc:2    | Bought a wand of digging (3) for 238 gold pieces
 35774 | Orc:2    | Bought a wand of polymorph (7) for 153 gold pieces
 35791 | Orc:2    | Bought a +1 buckler of poison resistance for 148 gold
                  | pieces
 35799 | Orc:2    | Identified the amulet "Faef" {Spirit rC+ Str+4 Int+3} (You
                  | found it on level 4 of the Lair of Beasts)
 35988 | Lair:4   | Killed Rupert
 35988 | Lair:4   | Received a gift from Trog
 36133 | Lair:4   | Reached skill level 17 in Crossbows
 36546 | Lair:5   | Received a gift from Trog
 36841 | Lair:5   | Noticed Urug
 36852 | Lair:5   | Killed Urug
 36898 | Lair:5   | Reached skill level 5 in Armour
 37132 | Lair:6   | Entered Level 6 of the Lair of Beasts
 37157 | Lair:5   | Received a gift from Trog
 37443 | Lair:6   | Reached skill level 18 in Crossbows
 37485 | Lair:5   | Reached ***** piety under Trog
 38587 | Lair:6   | Received a gift from Trog
 38934 | Lair:6   | Received a gift from Trog
 39576 | D:11     | Found Bomal's Antique Weapon Emporium.
 40471 | D:11     | Reached XP level 16. HP: 83/93 MP: 17/22
 40647 | D:12     | Received a gift from Trog
 41532 | D:13     | Found a gate to the Vaults.
 41810 | D:13     | Received a gift from Trog
 42564 | D:14     | Received a gift from Trog
 42626 | D:14     | Noticed Frances
 42644 | D:14     | Killed Frances
 42734 | D:14     | Reached skill level 15 in Dodging
 42806 | D:14     | Gained mutation: You are dopey. (Int -2) [potion of
                  | mutation]
 42806 | D:14     | Gained mutation: You expend magic power (3 MP) to
                  | strengthen your wands. [potion of mutation]
 42806 | D:14     | Gained mutation: Scrolls take you a little longer to read.
                  | [potion of mutation]
 42806 | D:14     | Gained mutation: You are partially covered in yellow
                  | scales. (AC +2) [potion of mutation]
 42807 | D:14     | Lost mutation: Scrolls take you a little longer to read.
                  | [potion of mutation]
 42807 | D:14     | Lost mutation: You expend magic power (3 MP) to strengthen
                  | your wands. [potion of mutation]
 42807 | D:14     | Lost mutation: You are dopey. (Int -2) [potion of mutation]
 42807 | D:14     | Gained mutation: Your magical capacity is low. (-10% MP)
                  | [potion of mutation]
 42807 | D:14     | Gained mutation: You expend magic power (3 MP) to
                  | strengthen your wands. [potion of mutation]
 42933 | D:14     | Found a sparkling altar of Nemelex Xobeh.
 43152 | D:14     | Found Xaxul's Gadget Shop.
 43377 | D:15     | Entered Level 15 of the Dungeon
 43738 | D:15     | Reached skill level 10 in Evocations
 43777 | D:15     | Noticed Josephine
 43793 | D:15     | Reached ****** piety under Trog
 43800 | D:15     | Killed Josephine
 43922 | D:15     | Noticed Azrael
 43929 | D:15     | Reached skill level 10 in Fighting
 43932 | D:15     | Killed Azrael
 43953 | D:15     | Reached XP level 17. HP: 53/102 MP: 4/22
 43956 | D:15     | Received a gift from Trog
 44322 | D:15     | Found a staircase to the Depths.
 44611 | D:12     | Got a pair of spiked boots
 44633 | D:12     | Identified the cursed +0 pair of boots "Xiemufi" {Int+4}
                  | (You found it on level 12 of the Dungeon)
 44720 | D:14     | Found an iron altar of Okawaru.
 44731 | D:14     | Bought a wand of scattershot (3) for 294 gold pieces
 44731 | D:14     | Bought a wand of flame (20) for 154 gold pieces
 44731 | D:14     | Bought a wand of paralysis (9) for 154 gold pieces
 44968 | Shoals:1 | Entered Level 1 of the Shoals
 45013 | Shoals:1 | Found a transporter.
 45256 | Shoals:1 | Received a gift from Trog
 45468 | Shoals:1 | Found a transporter.
 46273 | Shoals:2 | Noticed a kraken
 46506 | Shoals:2 | Received a gift from Trog
 46688 | Spider:1 | Entered Level 1 of the Spider Nest
 46853 | Spider:1 | Noticed Donald
 46938 | Lair:3   | Killed Donald
 47236 | Spider:1 | Received a gift from Trog
 48192 | Spider:1 | Received a gift from Trog
 48508 | Spider:2 | Received a gift from Trog
 48748 | Spider:2 | Reached XP level 18. HP: 54/110 MP: 1/24
 49179 | Spider:2 | Identified a scroll of acquirement
 49569 | Spider:2 | Found the +0 pair of fencer's gloves {Riposte Dex+3}
 51135 | Spider:4 | Entered Level 4 of the Spider Nest
 51148 | Spider:3 | Received a gift from Trog
 51572 | Spider:4 | Got an encrusted arbalest
 51573 | Spider:4 | Identified the +4 arbalest "Newtslayer" {venom, Dex+5
                  | Stlth+} (You acquired it on level 4 of the Spider Nest)
 51828 | Spider:4 | Received a gift from Trog
 53135 | Spider:4 | Received a gift from Trog
 53473 | Spider:4 | Got a gossamer rune of Zot
 54314 | Shoals:2 | Reached XP level 19. HP: 116/117 MP: 25/25
 54965 | Depths:1 | Entered Level 1 of the Depths
 56835 | Depths:1 | Received a gift from Trog
 56851 | Depths:1 | Found a gateway to Hell.
 57453 | Depths:1 | Reached skill level 19 in Crossbows
 57720 | Depths:1 | Found a one-way gate leading to the halls of Pandemonium.
 57964 | Depths:1 | Noticed a lich
 57980 | Depths:1 | Killed a lich
 58287 | Elf:1    | Entered Level 1 of the Elven Halls
 58786 | Elf:1    | Cast into level 2 of the Abyss (a deep elf sorcerer)
 58960 | Abyss:2  | Reached skill level 10 in Armour
 59275 | Abyss:2  | Received a gift from Trog
 59276 | Abyss:2  | Got a smoking triple crossbow {god gift}
 59463 | Elf:1    | Escaped the Abyss
 59700 | Elf:1    | Identified the +1 triple crossbow of Lies {elec, rF+ rC+
                  | Int-2 SInv} (Trog gifted it to you on level 2 of the Abyss)
 60292 | Elf:1    | Reached XP level 20. HP: 124/124 MP: 27/27
 60865 | Elf:2    | Received a gift from Trog
 60978 | Elf:2    | Found Onag's Antique Armour Boutique.
 61018 | Elf:2    | Bought a dazzling cloak for 285 gold pieces
 61018 | Elf:2    | Bought a pair of embroidered boots for 225 gold pieces
 61018 | Elf:2    | Identified the -5 cloak of Divine Intervention {+Blink
                  | rF+++ Str-3 Int+9} (You bought it in a shop on level 2 of
                  | the Elven Halls)
 61095 | Elf:2    | Reached skill level 20 in Crossbows
 61112 | Elf:2    | Found a runed translucent gate.
 61112 | Elf:2    | Found a runed translucent gate.
 61115 | Elf:2    | Found a runed translucent gate.
 61484 | Elf:2    | Received a gift from Trog
 62250 | Elf:3    | Entered Level 3 of the Elven Halls
 63424 | Elf:3    | Found a runed translucent gate.
 63424 | Elf:3    | Found a runed translucent gate.
 63425 | Elf:3    | Found a runed translucent gate.
 63426 | Elf:3    | Noticed Silentouch's ghost (adept MiFi)
 63427 | Elf:3    | Noticed Balder's ghost (adept HOFi)
 63490 | Elf:3    | Noticed Asterion
 63613 | Elf:3    | Killed Asterion
 63894 | Elf:3    | Identified the amulet "Pianaevu" {Spirit Fragile rN+ Str+3}
 64264 | Elf:3    | Received a gift from Trog
 64940 | Elf:3    | Reached skill level 15 in Short Blades
 64947 | Elf:3    | Received a gift from Trog
 66075 | Elf:3    | Reached XP level 21. HP: 131/131 MP: 28/28
 66123 | Elf:3    | Gained mutation: You are clumsy. (Dex -2) [a neqoxec]
 66726 | Elf:3    | Found a shimmering blue altar of Sif Muna.
 67381 | Elf:3    | Reached skill level 21 in Crossbows
 69807 | Elf:3    | Identified the Reference Book on Curses
 70156 | Vaults:1 | Entered Level 1 of the Vaults
 70555 | D:14     | Bought a wand of iceblast (2) for 84 gold pieces
 70555 | D:14     | Bought a wand of scattershot (5) for 378 gold pieces
 70555 | D:14     | Bought a wand of polymorph (11) for 182 gold pieces
 70555 | D:14     | Bought a wand of polymorph (12) for 196 gold pieces
 70716 | Vaults:1 | Reached skill level 15 in Evocations
 70778 | Vaults:1 | Found Pocogg's Magic Scroll Boutique.
 72053 | Vaults:1 | Received a gift from Trog
 72437 | Vaults:1 | You fall into a shaft and drop 1 floor!
 72616 | Vaults:2 | Found a shattered altar of Ashenzari.
 73149 | Vaults:2 | Reached skill level 22 in Crossbows
 73181 | Vaults:2 | Received a gift from Trog
 73181 | Vaults:2 | Reached XP level 22. HP: 107/138 MP: 30/30
 73565 | Vaults:2 | Found Hiru Yri's Distillery.
 74787 | Vaults:3 | Found Laqais's Antique Armour Shop.
 74787 | Vaults:3 | Found Oneawk's Book Emporium.
 74957 | Vaults:3 | Reached skill level 15 in Fighting
 75032 | Vaults:3 | Received a gift from Trog
 75045 | Vaults:3 | Killed by mirror damage

Levels and vault maps discovered:
D:1:      onia_arrival_handbag, layout_basic
D:2:      layout_rooms, hangedman_abyss_or_decor_stabs, uniq_sigmund
D:3:      layout_rooms, grunt_temple_overflow_diamond, first_ration,
          serial_park_tiny_2
D:4:      layout_basic
D:5:      layout_layer_cave, lemuel_doored_altar, kennysheep_mini
D:6:      layout_rooms, nicolae_overflow_crystal_walls,
          minmay_temple_entry_tees, hex_intersection
D:7:      layout_cave_pools, serial_shops, kennysheep_little_box, enter_bailey_7
D:8:      hangedman_cross_stitches, layout_basic, uniq_harold
D:9:      layout_rooms, gammafunk_temple_overflow_statue, uniq_joseph
D:10:     layout_irregular_city, minmay_lair_entry_grove, orc_0_dummy
D:11:     layout_layer_cave, serial_shops, shop
D:12:     layout_roguey, grunt_livestock, kennysheep_decorative_pillar,
          nicolae_straight_to_the_point
D:13:     layout_roguey [special_room_orc], david_vaults_4
D:14:     layout_loops_ring, basic_altar, lemuel_statue_altar, serial_shops,
          shop, uniq_frances
D:15:     grunt_enter_depths_hoard, layout_basic, serial_park_tiny_1,
          moated_statue, serial_bayou_pond_b, uniq_josephine, uniq_azrael
Temple:   dpeg_chambers_temple
Lair:1:   layout_loops_ring, st_stairs_7, chequers_serial_rivers_micro_b,
          kennysheep_rathole, grunt_megastairs_2, serial_bayou_shore_a
Lair:2:   layout_regular_city, eino_house_with_fridge, grunt_megastairs_3
Lair:3:   layout_chaotic_city, dummy_spider_entry, gammafunk_ghost_hydra_chop
Lair:4:   layout_hall_layers, elwin_shoals_entry_rooms, portal_ice_cave_rime
Lair:5:   layout_cave_shapes, minmay_slime_entry_oklob_open, lookout_lair_type,
          beast_lair_carwin_4, uniq_rupert, uniq_urug
Lair:6:   minmay_lair_end_frog_pond, layout_hall_layers
Shoals:1: gammafunk_the_bubble [the_bubble_gammafunk_grid], layout_shoals
Shoals:2: layout_shoals
Shoals:3: layout_shoals, nicolae_shoals_cliffside_cave, st_cyclops
Spider:1: layout_spider_delve, einodemon_crawler_minivault, uniq_donald
Spider:2: layout_spider_delve
Spider:3: layout_spider_delve, drop_trap
Spider:4: spider_rune_water
Orc:1:    layout_caves, uniq_erolcha
Orc:2:    st_orc_open, layout_diamond_mine, basic_altar, uniq_nessos
Elf:1:    layout_loops_cross
Elf:2:    layout_geoelf_octagon, serial_shops, nicolae_shop_behind_doors
Elf:3:    elf_hall, layout_geoelf_octagon, gammafunk_ghost_cemetery,
          basic_altar, uniq_asterion
Vaults:1: vaults_room_door_hall, v_misc_9, v_alt_pattern_1,
          ontoclasm_vaults_ligature, layout_vaults_omnigrid, serial_shops,
          nicolae_shop_window_shopping
Vaults:2: hangedman_vaults_corner_blocks, nicolae_vaults_fighting_squares,
          vaults_room_boxed, vaults_room_pool, vaults_mumra_chevron_long,
          vaults_dpeg_encased_lava, vaults_dpeg_doors, nicolae_vaults_triangles,
          hangedman_vaults_snaps, nicolae_vaults_little_squares_6,
          layout_vaults_maze_bifur, serial_shops, shop, mu_enter_wizlab_4,
          basic_altar
Vaults:3: ontoclasm_vaults_idyll, nicolae_vaults_three_branches,
          blue_anna_dwarven_crypt, ontoclasm_vaults_shuriken, v_misc_13,
          nicolae_vaults_network_periphery, grunt_vaults_focal,
          vaults_mumra_lcd, nicolae_vaults_meeting, vaults_room_door_hall,
          nicolae_vaults_little_squares_5, ontoclasm_vaults_ring_large,
          vaults_room_corners, vaults_dpeg_hooks, layout_vaults_omnicross,
          serial_shops, shop_statue, shop, shop, nicolae_shop_behind_doors,
          uniq_nikola, uniq_boris
Depths:1: layout_forbidden_donut, grunt_decor_cap, grunt_hell_horde,
          rand_demon_pan_entry_1, hangedman_abyss_or_decor_lesser_grid,
          minmay_librarian

Skill      XL: |  1  2  3  4  5  6  7  8  9 10 11 12 13 14 15 16 17 18 19 20 21 22 |
---------------+-------------------------------------------------------------------+-----
Stealth        | 2 3 4 5 7 8 10 12 13 15 16 17 18 19 20 | 20.0
Short Blades   | 2 4 5 7 9 10 11 13 14 15 16 | 16.6
Evocations     | 4 5 6 7 8 10 11 12 13 14 15 16 | 16.0
Dodging        | 3 4 5 6 7 8 10 12 13 14 15 16 | 16.0
Fighting       | 2 3 4 5 6 7 8 10 11 12 13 14 15 | 15.1
Throwing       | 1 3 4 6 |  6.1
Crossbows      | 1 6 10 13 16 18 19 20 22 | 22.4
Armour         | 1 4 6 8 9 10 | 10.0

Action                   |  1- 3 |  4- 6 |  7- 9 | 10-12 | 13-15 | 16-18 | 19-21 | 22-24 || total
-------------------------+-------+-------+-------+-------+-------+-------+-------+-------++-------
Melee: Short sword       |   156 |   102 |    79 |       |       |       |       |       ||   337
       Dagger            |       |       |   237 |   703 |  1016 |   300 |   426 |       ||  2682
       Quick blade       |       |       |       |       |       |    36 |   608 |   375 ||  1019
       Arbalest          |       |       |       |       |       |     2 |       |       ||     2
 Fire: Arbalest          |       |       |       |   113 |   518 |  1114 |   512 |       ||  2257
       Triple crossbow   |       |       |       |       |       |    35 |   206 |       ||   241
Throw: Dart              |    23 |    14 |    31 |     2 |       |    18 |    25 |       ||   113
       Boomerang         |       |    15 |    72 |   124 |    13 |     1 |       |       ||   225
       Throwing net      |       |       |       |     9 |       |       |       |       ||     9
Invok: Trog's Hand       |       |       |       |       |     2 |       |    10 |       ||    12
       Berserk           |       |       |       |       |     4 |       |     4 |       ||     8
       Brothers in Arms  |       |       |       |       |       |       |     2 |       ||     2
Evoke: Wand              |     6 |    15 |    38 |     7 |    12 |    19 |    25 |    10 ||   132
       Lightning rod     |       |       |       |     6 |     7 |    23 |    20 |     5 ||    61
       Phial of floods   |       |       |       |       |       |     4 |     2 |     1 ||     7
       Lamp of fire      |       |       |       |       |       |     4 |     8 |     1 ||    13
       Fan of gales      |       |       |       |       |       |     2 |     3 |       ||     5
       Phantom mirror    |       |       |       |       |       |     1 |       |       ||     1
  Use: Scroll            |       |       |     6 |    18 |    12 |    27 |    15 |     2 ||    80
       Potion            |       |       |     7 |       |     6 |    19 |    15 |       ||    47
 Stab: Sleeping          |     3 |     9 |     8 |    21 |     5 |     7 |     9 |     3 ||    65
       Confused          |       |     2 |     1 |       |       |       |       |       ||     3
       Distracted        |       |     3 |       |     3 |       |     1 |     1 |     1 ||     9
       Held in net/web   |       |       |       |     4 |       |       |       |       ||     4
       Paralysed         |       |       |       |     2 |     5 |     2 |       |     1 ||    10
  Eat: Chunk             |    13 |     6 |    22 |    38 |    49 |    38 |    62 |     6 ||   234
       Ration            |       |       |       |       |     4 |     2 |     3 |       ||     9
Armor: Leather armour    |    43 |    10 |    27 |    44 |       |       |       |       ||   124
       Pearl dragon scal |       |       |       |    69 |   338 |   416 |   367 |    58 ||  1248
Dodge: Dodged            |   136 |    84 |   196 |   401 |   898 |   906 |  1014 |   148 ||  3783
Block: Buckler           |       |       |       |       |    58 |       |       |       ||    58
       Other             |       |       |       |       |       |       |    33 |    20 ||    53
       Reflection        |       |       |       |       |       |       |     8 |     3 ||    11
       Rpst.: Dagger     |       |       |       |       |       |    37 |    83 |       ||   120
       Arbalest          |       |       |       |       |       |    21 |    24 |       ||    45
       Triple crossbow   |       |       |       |       |       |     5 |    24 |       ||    29
       Quick blade       |       |       |       |       |       |       |    55 |    37 ||    92
